 Dungeon Crawl Stone Soup version 0.26-a0-831-g7192265339 (webtiles) character file.

Game seed: 8064526389810811552

67 strifetoe the Chopper (level 4, 0/28 HPs)
             Began as a Gargoyle Monk on Nov 15, 2020.
             Slain by an iron imp (3 damage)
             ... summoned by Natasha
             ... on level 3 of the Dungeon.
             The game lasted 00:02:00 (2692 turns).

strifetoe the Chopper (Gargoyle Monk)               Turns: 2692, Time: 00:02:00

Health: 0/28       AC:  6    Str: 15    XL:     4   Next: 18%
Magic:  4/4        EV: 12    Int: 11    God:
Gold:   78         SH:  0    Dex: 12    Spells: 3/3 levels left

rFire    . . .     SeeInvis .   a - +0 hand axe
rCold    . . .     Faith    .   (no shield)
rNeg     + . .     Spirit   .   b - +0 robe
rPois    ∞         Reflect  .   (no helmet)
rElec    +         Harm     .   (no cloak)
rCorr    .         Rampage  .   (no gloves)
MR       .....                  g - +0 pair of boots
Stlth    ++........             (no amulet)
HPRegen  0.09/turn              (no ring)
MPRegen  0.09/turn              (no ring)

@: no status effects
A: negative energy resistance 1, electricity resistance, unbreathing,
petrification resistance, rot immunity, AC +3
a: no special abilities


You were on level 3 of the Dungeon.
You visited 1 branch of the dungeon, and saw 3 of its levels.

You collected 78 gold pieces.

Inventory:

Hand Weapons
 a - a +0 hand axe (weapon)
 f - a +1 dagger of venom
Armour
 b - a +0 robe (worn)
 g - a +0 pair of boots (worn)
Scrolls
 c - a scroll of teleportation {unknown}
 d - 2 scrolls of enchant weapon {unknown}
 h - a scroll of identify {unknown}
 j - a scroll of remove curse {unknown}
Potions
 e - 2 potions of heal wounds {unknown}
 i - a potion of curing {unknown}


   Skills:
 - Level 3.2 Fighting
 + Level 4.4 Axes
 - Level 2.4 Dodging
 - Level 2.1 Stealth


You had 3 spell levels left.
You didn't know any spells.
Your spell library was empty.

Dungeon Overview and Level Annotations

Branches:
Dungeon (3/15)

Altars:
Trog
Xom

Annotations:
D:3 Natasha


Innate Abilities, Weirdness & Mutations

You are resistant to torment.
Your stone body is resilient. (AC +3)
You are immune to poison.
You resist negative energy. (rN+)
You are resistant to electric shocks. (rElec)
You can survive without breathing.
You are immune to petrification.
You are immune to rotting.


Message History

You are too injured to fight recklessly!
You are too injured to fight recklessly!
You are too injured to fight recklessly!
You are too injured to fight recklessly!
You are too injured to fight recklessly!
You are too injured to fight recklessly!
You are too injured to fight recklessly!
You are too injured to fight recklessly!
Unknown command.
You hit Natasha but do no damage.
Natasha is heavily wounded.
You hit the iron imp but do no damage.
The shadow imp disappears in a puff of smoke!
Natasha claws you but does no damage. The iron imp hits you!
* * * LOW HITPOINT WARNING * * *
You closely miss Natasha.
Natasha is heavily wounded.
You hit the iron imp but do no damage. Natasha claws you but does no damage.
The iron imp hits you.
You die...

### #.. #§# #.# #5#
#h# #@### #.5.#
#...# #...## +....#
###########....#
#..............#
#.########..##.....
##.########..#
#####


You could see 2 iron imps and Natasha.

Vanquished Creatures
  2 adders (D:2)
  An ooze (D:1)
  3 worms (D:2)
  A dart slug (D:2)
  4 orcs (D:3)
  A ball python (D:2)
  2 giant cockroaches
  3 hobgoblins
  2 quokkas (D:2)
  3 bats
  4 goblins
  2 kobolds (D:2)
  2 rats
30 creatures vanquished.

Notes
Turn   | Place    | Note
-------+----------+-------------------------------------------
     0 | D:1      | strifetoe the Gargoyle Monk began the quest for the Orb.
     0 | D:1      | Reached XP level 1. HP: 14/14 MP: 1/1
   287 | D:1      | Reached skill level 3 in Axes
   356 | D:1      | Reached XP level 2. HP: 3/19 MP: 2/2
  1309 | D:2      | Reached XP level 3. HP: 16/23 MP: 3/3
  1689 | D:2      | Reached skill level 4 in Axes
  2445 | D:2      | Found a shimmering altar of Xom.
  2460 | D:2      | Reached XP level 4. HP: 28/28 MP: 4/4
  2525 | D:2      | Found a bloodstained altar of Trog.
  2664 | D:3      | Noticed Natasha
  2692 | D:3      | Slain by an iron imp

Illustrated notes

Levels and vault maps discovered:
D:1:      ebering_trefoil_twist, layout_basic
D:2:      layout_rooms, nicolae_overflow_crystal_walls,
          minmay_misc_feat_more_columns, trog_book, uniq_crazy_yiuf_cottage
D:3:      layout_basic, grunt_temple_overflow_open, uniq_natasha, uniq_sigmund,
          uniq_ijyb

Skill      XL: |  1  2  3 |
---------------+----------+-----
Axes           | 3 4 |  4.4
Fighting       | |  3.2
Dodging        | |  2.4
Stealth        | |  2.1

Action                   |  1- 3 |  4- 6 || total
-------------------------+-------+-------++-------
Melee: Hand axe          |    90 |    34 ||   124
       Dagger            |    26 |       ||    26
 Stab: Sleeping          |     3 |     1 ||     4
Armor: Robe              |    24 |    14 ||    38
Dodge: Dodged            |    75 |    16 ||    91

Table legend: (Time is in decaauts)
 A = Elapsed time spent in this place.
 B = Non-inter-level travel time spent in this place.
 C = Inter-level travel time spent in this place.
 D = Time resting spent in this place.
 E = Time spent auto-exploring this place.
 F = Levels seen in this place.
 G = Mean time per level.
                   A        B        C        D        E       F      G
               +--------+--------+--------+--------+--------+-----+--------+
         Total |   2704 |   2664 |     40 |   1093 |   1234 |   3 |  901.3 |
       Dungeon |   2704 |   2664 |     40 |   1093 |   1234 |   3 |  901.3 |
               +--------+--------+--------+--------+--------+-----+--------+

Top non-repeatable levels by time:
     D:2: 1513 daAuts
     D:1: 1129 daAuts
     D:3: 62 daAuts
